 Dungeon Crawl Stone Soup version 0.22-b1-26-g9dbaab1112 (webtiles) character file.

486 IceCat the Cudgeler (level 7, 0/43 HPs)
             Began as a Gargoyle Fighter on Aug 9, 2018.
             Killed by divine providence
             ... invoked by an orc priest
              (8 damage)
             ... on level 3 of the Dungeon.
             The game lasted 00:06:05 (2017 turns).

IceCat the Cudgeler (Gargoyle Fighter)              Turns: 2017, Time: 00:06:05

Health: 0/43       AC: 22    Str: 22    XL:     7   Next: 13%
Magic:  8/8        EV:  6    Int:  8    God:
Gold:   149        SH:  9    Dex:  9    Spells: 6/6 levels left

rFire    . . .     SeeInvis .   p - +2 flail (protect)
rCold    . . .     Gourm    .   c - +0 shield
rNeg     + . .     Faith    .   g - +0 chain mail
rPois    ∞         Spirit   .   i - +0 helmet (curse)
rElec    +         Reflect  .   (no cloak)
rCorr    .         Harm     .   (no gloves)
MR       .....                  (no boots)
Stlth    ..........             k - amulet of rage
HPRegen  0.14/turn              (no ring)
MPRegen  0.11/turn              (no ring)

@: protection aura
A: negative energy resistance 1, electricity resistance, unbreathing,
petrification resistance, rot immunity, AC +4
a: Evoke Berserk Rage


You were on level 3 of the Dungeon.
You were not hungry.

You visited 1 branch of the dungeon, and saw 3 of its levels.

You collected 149 gold pieces.

Inventory:

Hand Weapons
 a - a +0 flail
 p - a +2 flail of protection (weapon)
Armour
 b - a +0 scale mail
 c - a +0 shield (worn)
 g - a +0 chain mail (worn)
 i - a cursed +0 helmet (worn)
Jewellery
 k - an amulet of rage (around neck)
Scrolls
 e - 3 scrolls of identify {unknown}
 h - 3 scrolls of remove curse {unknown}
 l - a scroll of fog {unknown}
 q - a scroll of immolation {unknown}
 r - a scroll of enchant weapon {unknown}
 s - a scroll of teleportation {unknown}
Potions
 d - a potion of might
 j - a potion of haste {unknown}
 m - a potion of berserk rage {unknown}
 n - a potion of mutation {unknown}
Comestibles
 f - 5 rations
 o - 4 chunks of flesh


   Skills:
 + Level 4.0 Fighting
 * Level 5.6 Maces & Flails
 + Level 4.1 Armour
 - Level 0.4 Dodging
 + Level 4.5 Shields
 * Level 1.6 Evocations


You had 6 spell levels left.
You didn't know any spells.
Your spell library was empty.

Dungeon Overview and Level Annotations

Branches:
Dungeon (3/15)

Altars:
Qazlal
Ru
Trog


Innate Abilities, Weirdness & Mutations

You are resistant to torment.
Your stone body is resilient. (AC +4)
You are immune to poison.
You resist negative energy. (rN+)
You are resistant to electric shocks. (rElec)
You can survive without breathing.
You are immune to petrification.
You are immune to rotting.


Message History

You are too injured to fight recklessly!
You are too injured to fight recklessly!
You are too injured to fight recklessly!
You are too injured to fight recklessly!
You are too injured to fight recklessly!
You are too injured to fight recklessly!
You are too injured to fight recklessly!
You are too injured to fight recklessly!
Unknown command.
The orc priest looks encouraged for a moment.
You barely miss the orc. You block the orc's attack.
The orc priest calls down the wrath of Beogh upon you.
Beogh smites you!
* * * LOW HITPOINT WARNING * * *
You sock the orc!
Your weapon exudes an aura of protection.
You kill the orc!
The orc priest mumbles some strange prayers to Beogh against you.
Beogh smites you!
You die...

## .# ### .#
########.## .#
#.........### .#
#....{.o....# .#
#.######)##.# .#
#@##.# .##### #.##.#
.....# ###.##.#
####.### #####≈≈.##.#
.......###⌠#⌠##§§...##
###..####≈≈≈≈≈#≈§....#
# ##.# ##≈...≈#≈.##..#
# #.# #⌠≈..)≈#§.##..#
# #.# ##≈._..§..##..##


You could see an orc priest.

Vanquished Creatures
  Grinder (D:3)
  3 orc priests (D:3)
  3 orc wizards (D:3)
  2 adders
  3 worms (D:2)
  A dart slug (D:1)
  3 leopard geckos
  14 orcs (D:3)
  3 bats
  A giant cockroach (D:1)
  10 goblins
  7 hobgoblins
  8 jackals
  A quokka (D:2)
  2 ball pythons
  4 frilled lizards
  8 kobolds
  8 rats
82 creatures vanquished.

Vanquished Creatures (others)
  A fungus (D:1)
1 creature vanquished.

Grand Total: 83 creatures vanquished

Notes
Turn   | Place    | Note
-------+----------+-------------------------------------------
     0 | D:1      | IceCat the Gargoyle Fighter began the quest for the Orb.
     0 | D:1      | Reached XP level 1. HP: 14/14 MP: 1/1
    83 | D:1      | Reached XP level 2. HP: 18/19 MP: 2/2
   138 | D:1      | Reached XP level 3. HP: 14/23 MP: 3/3
   891 | D:2      | Reached XP level 4. HP: 25/29 MP: 4/4
   962 | D:2      | Reached skill level 3 in Maces & Flails
  1088 | D:2      | Found a stormy altar of Qazlal.
  1315 | D:3      | Noticed Grinder
  1351 | D:3      | Paralysed by Grinder for 5 turns
  1358 | D:3      | Killed Grinder
  1358 | D:3      | Reached skill level 4 in Maces & Flails
  1358 | D:3      | Reached skill level 1 in Evocations
  1358 | D:3      | Reached XP level 5. HP: 23/33 MP: 5/5
  1358 | D:3      | Reached XP level 6. HP: 27/38 MP: 6/6
  1451 | D:3      | Reached skill level 5 in Maces & Flails
  1458 | D:3      | Found a sacrificial altar of Ru.
  1835 | D:3      | Reached XP level 7. HP: 43/43 MP: 8/8
  1985 | D:3      | Found a bloodstained altar of Trog.
  2017 | D:3      | Killed from afar by an orc priest

Skill      XL: |  1  2  3  4  5  6 |
---------------+-------------------+-----
Maces & Flails | 4 5 |  5.6
Shields        | 4 |  4.5
Evocations     | 1 |  1.6
Armour         | 4 |  4.1
Fighting       | 4 |  4.0
Dodging        | |  0.4

Action                   |  1- 3 |  4- 6 |  7- 9 || total
-------------------------+-------+-------+-------++-------
Melee: Flail             |   125 |   191 |    15 ||   331
 Abil: Evoke Berserk Rag |       |     1 |       ||     1
  Eat: Chunk             |       |     5 |       ||     5
Armor: Scale mail        |    62 |       |       ||    62
       Chain mail        |    31 |   101 |     7 ||   139
Dodge: Dodged            |    46 |    33 |     2 ||    81
Block: Shield            |    55 |    77 |     7 ||   139
